 Dungeon Crawl Stone Soup version 0.20.0-15-g7f486f2 (webtiles) character file.

38153 spinkules the Severer (level 14, 0/92 HPs)
             Began as a Gargoyle Berserker on June 27, 2017.
             Was a High Priest of Trog.
             Slain by a wyvern (10 damage)
             ... on level 6 of the Lair of Beasts on June 28, 2017.
             The game lasted 00:48:16 (15772 turns).

spinkules the Severer (Gargoyle Berserker)         Turns: 15772, Time: 00:48:17

Health: 0/92       AC: 28    Str: 23    XL:     14   Next: 0%
Magic:  4/4        EV:  8    Int:  7    God:    Trog [*****.]
Gold:   606        SH:  0    Dex: 13    Spells: 13/13 levels left

rFire    . . .     SeeInvis .   W - +3 battleaxe (antimagic)
rCold    . . .     Gourm    .   (shield currently unavailable)
rNeg     + . .     Faith    .   G - +0 plate armour
rPois    ∞         Spirit   .   U - +0 helmet (curse)
rElec    +         Reflect  .   K - scarf {cloud immunity}
rCorr    +         Harm     .   h - +0 pair of gloves
MR       +....                  O - +0 pair of boots
Stlth    ..........             I - amulet of magic regeneration
Regen    0.3/turn               B - +2 ring of slaying
MPRegen  0.2/turn               R - ring of resist corrosion

@: no status effects
A: big wings, negative energy resistance 1, electricity resistance, unbreathing,
petrification resistance, rot immunity, AC +9
a: Fly, Berserk, Trog's Hand, Brothers in Arms, Burn Spellbooks, Renounce
Religion


You were on level 6 of the Lair of Beasts.
You worshipped Trog.
Trog was extremely pleased with you.
You were not hungry.

You visited 2 branches of the dungeon, and saw 15 of its levels.

You collected 655 gold pieces.
You spent 49 gold pieces at shops.

Inventory:

Hand Weapons
 a - a +2 hand axe of flaming
 Q - a +4 battleaxe
 W - a +3 antimagic battleaxe (weapon)
Armour
 h - a +0 pair of gloves (worn)
 G - a +0 plate armour (worn)
 K - a scarf of cloud immunity (worn)
 O - a +0 pair of boots (worn)
 U - a cursed +0 helmet (worn)
 Y - the +27 Lear's hauberk
   (You found it on level 5 of the Lair of Beasts)
Jewellery
 k - an uncursed ring of see invisible
 n - an uncursed ring of flight
 B - a +2 ring of slaying (left hand)
 I - an amulet of magic regeneration (around neck)
 R - a ring of resist corrosion (right hand)
 T - an uncursed ring of ice
Wands
 b - a wand of acid (8/15)
 p - a wand of confusion (12/48)
 H - a wand of digging (16/24)
 J - a wand of scattershot (4/9)
 S - a wand of confusion (16/48)
 V - a wand of disintegration (3/24)
Scrolls
 d - 10 scrolls of identify
 e - 2 scrolls of enchant weapon
 g - 2 scrolls of brand weapon {unknown}
 m - 11 scrolls of remove curse
 o - 2 scrolls of fear {unknown}
 r - 4 scrolls of noise {unknown}
 t - 2 scrolls of amnesia {unknown}
 v - 4 scrolls of teleportation {unknown}
 w - 3 scrolls of enchant armour {unknown}
 y - 2 scrolls of recharging {unknown}
 z - 3 scrolls of magic mapping {unknown}
Potions
 f - 6 potions of curing
 j - 5 potions of might {unknown}
 l - 4 potions of haste {unknown}
 q - 4 potions of heal wounds {unknown}
 s - 5 potions of lignification {unknown}
 x - a potion of berserk rage {unknown}
 A - a potion of experience {unknown}
 D - 3 potions of ambrosia {unknown}
 E - a potion of mutation {unknown}
 N - 3 potions of brilliance {unknown}
 X - a potion of agility {unknown}
Books
 i - a book of Debilitation

   Spells                             Type                      Level
   a - Corona                         Hexes                        1
   b - Slow                           Hexes                        2
   c - Inner Flame                    Hexes/Fire                   3
   d - Portal Projectile              Hexes/Translocation          3
   e - Cause Fear                     Hexes                        4
   f - Leda's Liquefaction            Hexes/Earth                  4
   Trog disapproves of the use of such an item.
 C - a book of Air

   Spells                             Type                      Level
   a - Shock                          Conjuration/Air              1
   b - Swiftness                      Charms/Air                   2
   c - Static Discharge               Conjuration/Air              3
   d - Airstrike                      Air                          4
   e - Lightning Bolt                 Conjuration/Air              5
   Trog disapproves of the use of such an item.
 F - a book of Cantrips

   Spells                             Type                      Level
   a - Confusing Touch                Hexes                        1
   b - Animate Skeleton               Necromancy                   1
   c - Summon Small Mammal            Summoning                    1
   d - Apportation                    Translocation                1
   Trog disapproves of the use of such an item.
Comestibles
 c - 11 bread rations
 u - 4 meat rations
 L - 2 chunks of flesh
 M - 5 royal jellies
 P - 14 fruits


   Skills:
 + Level 12.6 Fighting
 + Level 16.4 Axes
 - Level 10.6 Armour
 - Level 1.5 Dodging


You had 13 spell levels left.
You didn't know any spells.

Dungeon Overview and Level Annotations

Branches:
Dungeon (9/15)             Temple (0/1) D:5            Lair (6/6) D:9
 Shoals (0/4) Lair:3       Spider (0/4) Lair:4        Slime (0/5) Lair:6
    Orc: D:9-12

Altars:
Ashenzari
Cheibriados
Dithmenos
Elyvilon
Gozag
Makhleb
Nemelex Xobeh
Okawaru
Qazlal
Sif Muna
Trog
Uskayaw
Jiyva

Shops:
D:2 *   D:4 *   D:8 *


Innate Abilities, Weirdness & Mutations

You are resistant to torment.
Your stone body is resilient. (AC +9)
You are immune to poison.
Your large and strong wings let you fly indefinitely.
You resist negative energy. (rN+)
You are resistant to electric shocks. (rElec)
You can survive without breathing.
You are immune to petrification.
You are immune to rotting.


Message History

Your plate armour prevents you from hitting the wyvern.
The wyvern bites you but does no damage.
Wield which item (- for none, * to show all)? (? for menu, Esc to quit)
Your +2 hand axe of flaming stops flaming.
You feel magic leave you.
W - a +3 antimagic battleaxe (weapon)
The wyvern bites you but does no damage.
You barely miss the wyvern. The wyvern barely misses you.
You slash the wyvern!
The wyvern is heavily wounded.
The wyvern bites you!
* * * LOW HITPOINT WARNING * * *
You barely miss the wyvern.
The wyvern is heavily wounded.
The wyvern bites you!
* * * LOW HITPOINT WARNING * * *
You barely miss the wyvern.
The wyvern is heavily wounded.
The wyvern bites you!
You die...

#.....#...≈.<..≈........
###.....#..≈≈...≈≈÷.......
#.........≈≈≈≈≈≈≈≈≈≈......
#........≈≈≈≈≈≈≈≈≈≈......
##........≈≈≈≈≈≈≈≈≈.....#.
#......../†≈≈≈≈≈≈≈≈....#.≈
###.........≈≈≈≈≈≈.....P≈.
#####..................≈≈≈≈
#..........#.@l......≈#.≈≈.
P......=......b........#
...............%......≈≈
.P.#.#..#.....#.._.P..≈≈
###.######.##.#P.>.....# ##
#.####.......## ###
#.......≈≈≈ #..##.#.....≈≈
#...÷..#.#..##


You could see a wyvern.

Vanquished Creatures
  Fannar (Lair:3)
  6 hydras
  3 two-headed ogres (D:8)
  A lindwurm (Lair:3)
  13 elephants (Lair:5)
  2 black mambas (Lair:2)
  11 spiny frogs
  3 rime drakes
  11 komodo dragons
  A polar bear (Lair:5)
  6 dream sheep (Lair:3)
  25 blink frogs
  A hippogriff (Lair:4)
  2 redbacks (Lair:4)
  23 yaks
  2 wyverns
  2 basilisks
  2 hungry ghosts
  3 vampire mosquitoes (Lair:3)
  Edmund (D:4)
  6 water moccasins
  7 porcupines
  2 sky beasts
  2 orc warriors
  A black bear (D:7)
  An ogre (D:8)
  A necrophage (D:7)
  A phantom (D:4)
  16 wolves
  11 crocodiles
  9 centaurs
  11 bullfrogs
  A gnoll sergeant (D:5)
  4 scorpions
  4 wights (D:8)
  5 killer bees (D:7)
  An electric eel (Lair:6)
  4 howler monkeys
  8 crimson imps
  3 jellies
  5 orc wizards
  A centaur skeleton (D:7)
  7 orc priests
  4 hounds
  Jessica (D:2)
  A bullfrog skeleton (D:8)
  3 iguanas
  Natasha (thrice) (D:3)
  5 worker ants
  2 hell rats (D:8)
  8 gnolls
  8 adders
  7 river rats (D:8)
  2 shadow imps
  3 oozes
  2 adder zombies
  An adder skeleton (D:5)
  3 worms
  A dart slug (D:2)
  6 leopard geckos
  29 orcs
  7 bats
  6 giant cockroaches
  8 goblins
  9 hobgoblins
  8 jackals
  8 quokkas
  6 frilled lizards
  9 kobolds
  A quokka zombie (D:5)
  23 rats
  4 fungi
  4 plants
412 creatures vanquished.

Vanquished Creatures (collateral kills)
  A vampire mosquito (Lair:3)
  3 insubstantial wisps (Lair:3)
  An adder (D:8)
  A river rat (D:8)
  A shadow imp (D:8)
  A rat (D:8)
8 creatures vanquished.

Vanquished Creatures (others)
  4 fungi
  5 plants (Lair:6)
9 creatures vanquished.

Grand Total: 429 creatures vanquished

Notes
Turn   | Place    | Note
-------+----------+-------------------------------------------
     0 | D:1      | spinkules the Gargoyle Berserker began the quest for the Orb.
     0 | D:1      | Reached XP level 1. HP: 14/14 MP: 1/1
    13 | D:1      | Reached skill level 3 in Axes
    87 | D:1      | Reached XP level 2. HP: 11/19 MP: 2/2
   607 | D:1      | Reached XP level 3. HP: 20/23 MP: 3/3
   664 | D:1      | Reached ** piety under Trog
  1111 | D:2      | Reached skill level 4 in Axes
  1203 | D:2      | Found an opulent altar of Gozag.
  1207 | D:2      | Found Gozag's Platinum Reserve.
  1271 | D:2      | Reached XP level 4. HP: 19/28 MP: 4/4
  1973 | D:3      | Found a snail-covered altar of Cheibriados.
  1999 | D:3      | Found an iron altar of Okawaru.
  2070 | D:3      | Found a white marble altar of Elyvilon.
  2102 | D:3      | Noticed Natasha
  2106 | D:3      | Killed Natasha
  2106 | D:3      | Reached skill level 5 in Axes
  2106 | D:3      | Reached XP level 5. HP: 30/32 MP: 5/5
  2282 | D:3      | Noticed Natasha
  2288 | D:3      | Killed Natasha
  2292 | D:3      | Noticed Jessica
  2309 | D:2      | Killed Jessica
  2309 | D:2      | Reached XP level 6. HP: 31/37 MP: 6/6
  2310 | D:2      | Reached skill level 6 in Axes
  2326 | D:3      | Reached *** piety under Trog
  2444 | D:3      | Noticed Natasha
  2461 | D:3      | Killed Natasha
  2720 | D:3      | Found a deep blue altar of Sif Muna.
  2784 | D:3      | Found a shadowy altar of Dithmenos.
  3172 | D:4      | Reached skill level 7 in Axes
  3172 | D:4      | Reached XP level 7. HP: 41/41 MP: 7/7
  3412 | D:4      | Found Fakyph's Assorted Antiques.
  3621 | D:4      | Noticed Edmund
  3630 | D:4      | Killed Edmund
  3630 | D:4      | Reached skill level 8 in Axes
  3910 | D:5      | Entered Level 5 of the Dungeon
  3924 | D:5      | Found a bloodstained altar of Trog.
  3951 | D:5      | Found a bloodstained altar of Trog.
  3955 | D:5      | Reached XP level 8. HP: 38/46 MP: 8/8
  3990 | D:5      | Reached **** piety under Trog
  4176 | D:5      | Found a staircase to the Ecumenical Temple.
  4537 | D:5      | Found a shattered altar of Ashenzari.
  4561 | D:5      | Reached skill level 9 in Axes
  5157 | D:6      | Reached skill level 10 in Axes
  5240 | D:6      | You fall through a shaft!
  5269 | D:7      | Paralysed by fainting for 8 turns
  5279 | D:7      | Reached XP level 9. HP: 48/51 MP: 9/9
  5293 | D:7      | Found a stormy altar of Qazlal.
  5481 | D:6      | Noticed a hand axe
  5481 | D:6      | Found a hide-covered altar of Uskayaw.
  5483 | D:6      | Noticed a dagger
  5633 | D:7      | Reached ***** piety under Trog
  5687 | D:7      | Reached skill level 11 in Axes
  6294 | D:8      | Noticed a two-headed ogre
  6307 | D:8      | Killed a two-headed ogre
  6307 | D:8      | Reached skill level 12 in Axes
  6320 | D:8      | Found a sparkling altar of Nemelex Xobeh.
  6364 | D:8      | Noticed a two-headed ogre
  6379 | D:8      | Reached XP level 10. HP: 48/56 MP: 10/10
  6606 | D:8      | Killed a two-headed ogre
  6606 | D:8      | Reached skill level 13 in Axes
  6671 | D:8      | Found Syilec's General Store.
  6693 | D:8      | Bought a +0 pair of boots for 49 gold pieces
  7239 | D:8      | Noticed a two-headed ogre
  7246 | D:8      | Killed a two-headed ogre
  7452 | D:8      | Received a gift from Trog
  7460 | D:8      | Reached skill level 14 in Axes
  8102 | D:9      | Reached XP level 11. HP: 60/60 MP: 11/11
  8213 | D:9      | Found a staircase to the Lair.
  8437 | Lair:1   | Entered Level 1 of the Lair of Beasts
  9216 | Lair:1   | Noticed a five-headed hydra
  9248 | Lair:1   | Killed a one-headed hydra
  9391 | Lair:1   | Reached skill level 5 in Fighting
  9959 | Lair:2   | Reached skill level 5 in Armour
 11243 | Lair:2   | Found a burning altar of Makhleb.
 11281 | Lair:2   | Reached XP level 12. HP: 66/72 MP: 12/12
 11391 | Lair:3   | Noticed Fannar
 11437 | Lair:3   | Killed Fannar
 11636 | Lair:3   | Found a staircase to the Shoals.
 11652 | Lair:3   | Received a gift from Trog
 12939 | Lair:4   | Reached skill level 10 in Armour
 13002 | Lair:4   | Reached skill level 10 in Fighting
 13043 | Lair:4   | Found a hole to the Spider Nest.
 13369 | Lair:4   | Reached XP level 13. HP: 83/84 MP: 13/13
 13411 | Lair:4   | Reached skill level 15 in Axes
 15291 | Lair:6   | Entered Level 6 of the Lair of Beasts
 15310 | Lair:5   | Reached skill level 16 in Axes
 15616 | Lair:6   | Found a viscous altar of Jiyva.
 15616 | Lair:6   | Found a staircase to the Slime Pits.
 15689 | Lair:6   | Received a gift from Trog
 15689 | Lair:6   | Gained mutation: Your large and strong wings let you fly indefinitely. [Gargoyle growth]
 15689 | Lair:6   | Reached XP level 14. HP: 12/92 MP: 5/14
 15772 | Lair:6   | Slain by a wyvern

Skill      XL: |  1  2  3  4  5  6  7  8  9 10 11 12 13 |
---------------+----------------------------------------+-----
Axes           | 3 4 5 7 8 10 12 14 16 | 16.4
Fighting       | 7 10 12 | 12.6
Armour         | 7 10 | 10.6
Dodging        | |  1.5

Action                   |  1- 3 |  4- 6 |  7- 9 | 10-12 | 13-15 || total
-------------------------+-------+-------+-------+-------+-------++-------
Melee: Hand axe          |   125 |   201 |    56 |     7 |    38 ||   427
       War axe           |       |       |   260 |   121 |       ||   381
       Battleaxe         |       |       |       |   445 |   210 ||   655
Invok: Berserk           |       |     5 |     9 |    13 |     6 ||    33
       Brothers in Arms  |       |       |       |     2 |       ||     2
       Trog's Hand       |       |       |       |     2 |     1 ||     3
  Use: Scroll            |       |       |     3 |     1 |     3 ||     7
       Potion            |       |       |       |       |     1 ||     1
 Stab: Sleeping          |     1 |       |       |       |       ||     1
  Eat: Chunk             |     1 |    10 |    15 |    33 |    14 ||    73
       Bread ration      |       |       |     2 |     1 |       ||     3
Armor: Animal skin       |    42 |    59 |    36 |       |       ||   137
       Plate armour      |       |       |   135 |   407 |   265 ||   807
Dodge: Dodged            |    75 |   116 |   123 |   208 |   123 ||   645
